AoeStats
← Sanpie

Oasis

507975378Analyzed
3v3 RM · 13d ago on Sep 20, 2026· 58m 30s· 6 players
Game mode
Random Map
Map size
Normal (6 player)
Population
200
Speed
Normal
Resources
Standard
Victory
Conquest
Starting age
Dark Age
Ending age
Imperial Age
RankedLock teamsTeams togetherTeam positionsShared explorationLock speedFull tech treeHidden civsTurbo modeCheats
Victory
Defeat
🇮🇳 Maya · India
1102
+13
🇺🇸 Sicilians · United States
1100
+13
🇦🇺 Bulgarians · Australia
994
+17
🇨🇳 Khmer · China
1035
-15
🇨🇳 Aztecs · China
1024
-14
🇨🇳 Gurjaras · China
1023
-14
Sanpie
3:41 Loom
9:56 Feudal Age
11:00 Double-Bit Axe
19:00 Castle Age
16:54 Man-at-Arms
18:05 Horse Collar
19:46 Long Swordsman
28:05 Scale Barding Armor
28:14 Forging
28:27 Heavy Plow
34:29 Imperial Age
32:41 Masonry
33:37 Wheelbarrow
33:20 Bow Saw
33:53 Kshatriyas
34:43 Bloodlines
34:50 Scale Barding Armor
36:18 Heavy Camel Rider
38:01 Hand Cart
39:11 Architecture
38:24 Treadmill Crane
41:05 Crop Rotation
41:04 Conscription
41:24 Husbandry
40:48 Light Cavalry
40:52 Elite Chakram Thrower
42:01 Gold Mining
42:41 Forging
42:33 Scale Mail Armor
43:05 Town Watch
43:58 Hoardings
44:28 Ballistics
45:39 Iron Casting
45:21 Chain Mail Armor
45:50 Fortified Wall
45:47 Caravan
50:20 Plate Mail Armor
50:11 Chain Barding Armor
这我不是乱杀
10:26 Feudal Age
9:25 Loom
15:09 Castle Age
13:29 Horse Collar
14:27 Double-Bit Axe
18:13 Eagle Warrior
25:08 Forging
28:00 Wheelbarrow
27:33 Heavy Plow
27:40 Gold Mining
28:10 Scale Mail Armor
29:40 Chain Mail Armor
29:30 Squires
31:11 Gold Shaft Mining
31:48 Hand Cart
31:54 Stone Mining
32:54 Pikeman
34:46 Iron Casting
37:05 Stone Shaft Mining
47:55 Imperial Age
45:43 Fletching
46:06 Bow Saw
48:09 Man-at-Arms
49:28 Gambesons
50:04 Long Swordsman
压根不让我睡觉
10:46 Feudal Age
11:25 Horse Collar
11:33 Double-Bit Axe
16:30 Castle Age
15:24 Loom
21:52 Husbandry
26:26 Scale Barding Armor
29:12 Wheelbarrow
32:11 Hand Cart
37:17 Bow Saw
38:06 Tusk Swords
45:32 Heavy Plow
49:01 Gold Mining
GestaLekgolo
11:42 Feudal Age
14:55 Wheelbarrow
14:44 Double-Bit Axe
19:59 Scale Mail Armor
20:10 Forging
20:30 Horse Collar
25:15 Castle Age
25:20 Fletching
26:36 Chain Mail Armor
26:49 Loom
28:38 Iron Casting
27:45 Pikeman
29:39 Squires
30:43 Heavy Plow
30:57 Bow Saw
33:27 First Crusade
38:54 Imperial Age
40:17 Plate Mail Armor
40:47 Blast Furnace
39:43 Bodkin Arrow
41:39 Masonry
42:30 Chemistry
41:51 Ballistics
41:28 Murder Holes
42:07 Siege Engineers
42:54 Caravan
42:57 Halberdier
43:26 Arson
43:27 Gambesons
44:08 Conscription
44:26 Hoardings
45:25 Stone Mining
45:26 Gold Mining
46:01 Bracer
46:02 Heavy Scorpion
47:24 Sappers
47:22 Elite Serjeant
51:34 Arrowslits
57:54 Gambesons
vladtheimpalerofyourmom
10:41 Feudal Age
15:11 Castle Age
13:43 Horse Collar
13:56 Double-Bit Axe
16:52 Gold Mining
20:49 Heavy Plow
21:42 Bow Saw
22:22 Scale Barding Armor
23:15 Gold Shaft Mining
22:51 Stone Mining
27:47 Wheelbarrow
28:23 Forging
30:35 Iron Casting
30:01 Scale Mail Armor
30:21 Chain Barding Armor
30:19 Loom
31:58 Chain Mail Armor
35:48 Imperial Age
32:53 Pikeman
34:39 Hand Cart
35:46 Squires
35:32 Arson
37:09 Crop Rotation
36:41 Halberdier
37:58 Plate Mail Armor
38:29 Blast Furnace
38:07 Plate Barding Armor
39:16 Gambesons
39:34 Bagains
39:55 Conscription
38:59 Capped Ram
40:44 Siege Ram
43:48 Light Cavalry
44:38 Bloodlines
44:29 Husbandry
44:40 Stirrups
46:25 Caravan
52:02 Hussar
SilentBat
0:33 Loom
10:11 Feudal Age
11:02 Double-Bit Axe
15:05 Fletching
24:00 Castle Age
23:32 Gold Mining
23:38 Horse Collar
24:16 Crossbowman
25:13 Thumb Ring
26:29 Bodkin Arrow
28:09 Wheelbarrow
30:35 Padded Archer Armor
37:14 Imperial Age
36:18 Bow Saw
38:08 Ballistics
38:08 Bracer
37:57 Arbalester
Connection lost

Rejoining the realm…

Still unreachable

The connection could not be restored.

Session expired

The server has moved on; the page needs a fresh start.